 Dungeon Crawl Stone Soup version 0.30-a0-1066-g63dfefce0d (webtiles) character file.

Game seed: 14610982438889899711

3378 BlueFish the Covert (level 10, -1/68 HPs)
             Began as an Octopode Fighter on Apr 12, 2023.
             Was a Believer of Cheibriados.
             Killed from afar by a steam dragon (19 damage)
             ... with a ball of steam
             ... on level 7 of the Dungeon.
             The game lasted 00:17:03 (9516 turns).

BlueFish the Covert (Octopode Fighter)              Turns: 9516, Time: 00:17:03

Health: -1/68      AC:  1    Str: 24    XL:     10   Next: 3%
Magic:  12/12      EV: 15    Int: 21    God:    Cheibriados [**....]
Gold:   813        SH:  5    Dex: 15    Spells: 9/9 levels left

rFire   . . .      SeeInvis .    a - +2 whip (venom)
rCold   . . .      Faith    .    C - +0 buckler
rNeg    + . .      Spirit   .    (helmet restricted)
rPois   .          Reflect  .    (no amulet)
rElec   .          Rampage  .    y - ring of resist corrosion
rCorr   +                        q - ring of positive energy
Will    .....                    E - +6 ring of intelligence
Stlth   +++++                    (no ring)
HPRegen 0.31/turn                (no ring)
MPRegen 0.13/turn                (no ring)
                                 (no ring)
                                 (no ring)

@: very slow
A: almost no armour, amphibious, 8 rings, camouflage 1, gelatinous body 1,
(nimble swimmer 1), tentacles
a: Renounce Religion, Bend Time


You were on level 7 of the Dungeon.
You worshipped Cheibriados.
Cheibriados was pleased with you.
You visited 2 branches of the dungeon, and saw 8 of its levels.
You also visited: Bailey.

You collected 861 gold pieces.
You spent 48 gold pieces at shops.

Inventory:

Hand Weapons
 a - a +2 whip of venom (weapon)
 b - a +0 sling of flaming
 j - a +0 whip
 p - a +0 flail
 H - a +0 mace
 K - a +1 dire flail
 L - a +3 flail of freezing
Missiles
 g - 50 stones (quivered)
 G - 3 poisoned darts
 M - a throwing net
 N - 15 boomerangs
Armour
 C - a +0 buckler (worn)
Jewellery
 q - a ring of positive energy (right tentacle)
 y - a ring of resist corrosion (left tentacle)
 E - a +6 ring of intelligence (on tentacle)
 J - a ring of ice
 Q - the ring "Sowuli" {Fly rPois rC++ Str+3 Int-2}
   (You took it off a kobold in a bailey)

   [ring of flight]

   Str:       It affects your strength (+3).
   Int:       It affects your intelligence (-2).
   rC:        It greatly protects you from cold.
   rPois:     It protects you from poison.
   Fly:       It grants you flight.
Wands
 c - a wand of mindburst (10)
 o - a wand of digging (2)
 P - a wand of polymorph (4)
 R - a wand of flame (18)
Scrolls
 e - 3 scrolls of teleportation
 f - a scroll of noise {unknown}
 h - a scroll of amnesia {unknown}
 m - a scroll of brand weapon {unknown}
 s - a scroll of immolation
 v - a scroll of fear
 x - a scroll of poison {unknown}
 A - a scroll of enchant weapon {unknown}
 B - a scroll of fog {unknown}
 D - a scroll of silence {unknown}
Potions
 d - 2 potions of cancellation
 i - 3 potions of mutation
 k - 2 potions of brilliance {unknown}
 l - 2 potions of curing
 n - a potion of ambrosia {unknown}
 r - a potion of resistance {unknown}
 t - a potion of magic {unknown}
 u - a potion of berserk rage {unknown}
 z - 3 potions of lignification
 F - 2 potions of might
 I - a potion of haste {unknown}
 O - 2 potions of flight


   Skills:
 + Level 5.7 Fighting
 + Level 5.1 Maces & Flails
 + Level 3.3 Ranged Weapons
 + Level 3.3 Throwing
 + Level 5.7 Dodging
 * Level 10.0 Stealth
 + Level 5.7 Shields
 + Level 2.7 Invocations
 + Level 3.6 Evocations


You had 9 spell levels left.
You didn't know any spells.
Your spell library contained the following spells:

 Spells                   Type           Power      Damage    Failure   Level
 Summon Guardian Golem    Hex/Summ       0%         N/A       56%         3
 Orb of Destruction       Conj           0%         9d5       100%        7
 Spellforged Servitor     Conj/Summ      0%         N/A       100%        7


Dungeon Overview and Level Annotations

Branches:
Dungeon (7/15)             Temple (1/1) D:5          Bailey (visited)

Altars:
Ashenzari
Cheibriados
Dithmenos
Elyvilon
Fedhas
Gozag
Hepliaklqana
Kikubaaqudgha
Makhleb
Nemelex Xobeh
Okawaru
Qazlal
Ru
Sif Muna
Trog
Uskayaw
Vehumet
Wu Jian
Xom
Yredelemnul
Zin
The Shining One

Shops:
D:3 ?

Annotations:
D:2 1 runed translucent door, Crazy Yiuf, Sigmund
D:6 exclusion: 2 doors


Innate Abilities, Weirdness & Mutations

You cannot wear most types of armour.
You are amphibious.
You can wear up to eight rings at the same time.
Your skin changes colour to match your surroundings (Stealth+).
Your rubbery body absorbs attacks. (AC +1, EV +1)
((You are camouflaged when in or above water. (Stealth+)))
You have tentacles for arms and can constrict up to eight enemies at once.


Message History

You shoot a sling bullet. The sling bullet hits the steam dragon.
The sling bullet burns the steam dragon.
The steam dragon is lightly wounded.
You shoot a sling bullet.
The sling bullet closely misses the steam dragon.
The steam dragon breathes steam at you. The ball of steam hits you.
You are engulfed in a cloud of scalding steam.
The steam dragon breathes steam at you. The ball of steam hits you!!
Your +0 sling of flaming stops flaming.
Your +2 whip of venom begins to drip with poison!
a - a +2 whip of venom (weapon)
You start resting.
A steam dragon is nearby!
You block the steam dragon's attack. The steam dragon barely misses you.
You hit the steam dragon but do no damage.
The steam dragon is poisoned.
Your squeeze misses the steam dragon.
The steam dragon is lightly wounded.
The steam dragon barely misses you. You block the steam dragon's attack.
You hit the steam dragon but do no damage.
You squeeze the steam dragon.
The steam dragon is moderately wounded.
The steam dragon bites you. The steam dragon closely misses you.
You hit the steam dragon.
The steam dragon looks even sicker.
Your squeeze misses the steam dragon.
The steam dragon is heavily wounded.
The steam dragon bites you! The steam dragon misses you.
You hit the steam dragon.
The steam dragon looks as sick as possible!
You squeeze the steam dragon, but do no damage.
The steam dragon is heavily wounded.
A wraith comes into view.
The steam dragon bites you! The steam dragon claws you.
* * * LOW HITPOINT WARNING * * *
You whack the steam dragon!
The steam dragon is almost dead.
The steam dragon breathes steam at you. The ball of steam hits you!!
You die...

#.# #.# #####.#####
#.# #.........###.#
#.###.###..##.# #.#
#.###...#.#
#####.###.........##
#.>.....†####......###
#.##..##.# #....#....
#....@...# ##.#...###
####D##### #.##### #.#
#+# #.# #.# #.# .W.
### ... +.. #...# ###


You could see a wraith and a steam dragon (extremely poisoned, catching breath).

Vanquished Creatures
  Pikel (D:5)
  A water moccasin (D:7)
  Duvessa (D:5)
  7 orc warriors (Bailey)
  A sky beast (D:6)
  A black bear (D:4)
  2 ice beasts
  2 ogres (D:5)
  A centaur (D:6)
  A phantom (D:6)
  2 lemures (D:5)
  2 bullfrogs (D:6)
  4 scorpions
  3 jellies
  3 wights (D:6)
  Dowan (D:5)
  A killer bee (D:6)
  3 hounds
  2 orc priests
  2 iguanas (D:6)
  4 orc wizards
  Terence (D:2)
  Natasha (thrice) (D:2)
  Robin (D:3)
  2 gnolls (Bailey)
  5 adders
  A worm (D:3)
  A dart slug (D:5)
  26 orcs
  4 ball pythons
  7 endoplasms
  5 giant cockroaches
  18 goblins
  16 hobgoblins
  6 jackals
  18 kobolds
  5 quokkas
  8 bats
  5 frilled lizards
  6 rats
183 creatures vanquished.

Vanquished Creatures (others)
  6 plants (D:6)
6 creatures vanquished.

Grand Total: 189 creatures vanquished

Notes
Turn   | Place    | Note
-------+----------+-------------------------------------------
     0 | D:1      | BlueFish the Octopode Fighter began the quest for the Orb.
     0 | D:1      | Reached XP level 1. HP: 16/16 MP: 1/1
    87 | D:1      | Reached skill level 1 in Stealth
   108 | D:1      | Reached XP level 2. HP: 21/21 MP: 2/2
   450 | D:1      | Reached skill level 2 in Stealth
   515 | D:1      | Reached XP level 3. HP: 23/26 MP: 3/3
   707 | D:2      | Noticed Terence
   721 | D:2      | HP: 1/26 [Terence/+0 hand axe (9)]
   724 | D:2      | Killed Terence
   879 | D:2      | Noticed Natasha
   885 | D:2      | Killed Natasha
   886 | D:2      | Reached skill level 3 in Stealth
   886 | D:2      | Reached XP level 4. HP: 9/31 MP: 4/4
   986 | D:2      | Noticed Natasha
   994 | D:2      | Killed Natasha
  1073 | D:2      | Noticed Sigmund
  1097 | D:2      | Noticed Natasha
  1107 | D:2      | Reached XP level 5. HP: 24/36 MP: 5/5
  1110 | D:2      | Killed Natasha
  1111 | D:2      | Reached skill level 4 in Stealth
  1610 | D:2      | Found a runed translucent door.
  1611 | D:2      | Noticed Crazy Yiuf
  1661 | D:3      | Found a shimmering altar of Xom.
  1661 | D:3      | Found a shimmering blue altar of Sif Muna.
  1752 | D:3      | Noticed Robin
  1819 | D:3      | Killed Robin
  1832 | D:3      | Reached XP level 6. HP: 32/43 MP: 6/6
  1909 | D:3      | Found Gur Cuma's Magic Scroll Shop.
  1913 | D:3      | Bought a scroll of fear for 48 gold pieces
  2707 | D:4      | Reached skill level 5 in Stealth
  2794 | D:4      | Noticed an ice beast
  2816 | D:3      | Killed an ice beast
  3002 | D:4      | Reached XP level 7. HP: 48/48 MP: 7/7
  3194 | D:4      | HP: 1/46 [ice beast (14)]
  3197 | D:4      | Reached skill level 6 in Stealth
  4381 | D:5      | Entered Level 5 of the Dungeon
  4402 | D:5      | Reached skill level 7 in Stealth
  4425 | D:5      | Noticed Pikel
  4475 | D:5      | Reached XP level 8. HP: 54/54 MP: 8/8
  4533 | D:5      | Killed Pikel
  4534 | D:5      | Reached skill level 1 in Ranged Weapons
  4534 | D:5      | Reached skill level 1 in Throwing
  4534 | D:5      | Reached skill level 1 in Evocations
  4625 | D:5      | Noticed Duvessa
  4627 | D:5      | Noticed Dowan
  4637 | D:5      | Killed Duvessa
  4638 | D:5      | Reached skill level 8 in Stealth
  4641 | D:5      | Killed Dowan
  4642 | D:5      | Reached skill level 5 in Dodging
  4771 | D:5      | Found a staircase to the Ecumenical Temple.
  4781 | Temple   | Entered the Ecumenical Temple
  4987 | Temple   | Became a worshipper of Cheibriados the Contemplative
  5249 | D:5      | Reached skill level 5 in Fighting
  5748 | D:6      | Reached skill level 5 in Shields
  5770 | D:6      | Reached XP level 9. HP: 38/61 MP: 9/9
  7026 | D:6      | Reached skill level 1 in Invocations
  7428 | D:6      | Reached skill level 9 in Stealth
  8013 | D:6      | Reached * piety under Cheibriados
  8297 | D:7      | Found a flagged portal.
  8311 | Bailey   | Entered a bailey
  8532 | Bailey   | Identified the ring "Sowuli" {Fly rPois rC++ Str+3 Int-2}
  8554 | Bailey   | Reached skill level 5 in Maces & Flails
  8821 | Bailey   | Reached ** piety under Cheibriados
  8927 | Bailey   | Reached XP level 10. HP: 56/68 MP: 10/12
  9430 | D:7      | Reached skill level 10 in Stealth
  9516 | D:7      | Killed from afar by a steam dragon

Illustrated notes

Levels and vault maps discovered:
D:1:      mrwooster_arrival_statue_3, layout_loops_ring
D:2:      cheibrodos_pilgrimage, layout_rooms, minmay_indecisive_spiral,
          uniq_terence, uniq_sigmund, uniq_crazy_yiuf_cottage, uniq_natasha
D:3:      layout_basic, chequers_temple_overflow_statue_of_worship,
          serial_shops, shop, uniq_robin
D:4:      layout_layer_cave, kennysheep_generic_room_7
D:5:      layout_basic, minmay_temple_entry_statues_pillars, minivault_14,
          uniq_duvessa, uniq_pikel
D:6:      cheibrodos_two_vegetables, layout_basic,
          chequers_serial_rivers_micro_a
D:7:      layout_loops_corners, enter_bailey_3, kennysheep_flooded_box
Temple:   mainiacjoe_temple_cubbyholes

Skill      XL: |  1  2  3  4  5  6  7  8  9 10 |
---------------+-------------------------------+-----
Stealth        | 1 2 3 4 5 7 8 9 10 | 10.0
Maces & Flails | 3 4 5 |  5.1
Fighting       | 4 5 |  5.7
Dodging        | 4 5 |  5.7
Shields        | 4 5 |  5.7
Ranged Weapons | 2 3 |  3.3
Throwing       | 2 3 |  3.3
Evocations     | 2 3 |  3.6
Invocations    | 2 |  2.7

Action                     |  1- 3 |  4- 6 |  7- 9 | 10-12 || total
---------------------------+-------+-------+-------+-------++-------
  Melee: Flail             |    32 |       |       |       ||    32
         Constrict         |    20 |    34 |    45 |     4 ||   103
         Tentacles         |    12 |    29 |    55 |     5 ||   101
         Whip              |    29 |   131 |   212 |    23 ||   395
         Punch             |     2 |     1 |     7 |       ||    10
   Fire: Sling             |       |       |   141 |    27 ||   168
  Throw: Stone             |       |     1 |     2 |       ||     3
    Use: Scroll            |     1 |     4 |     2 |     2 ||     9
         Potion            |       |     1 |     1 |     1 ||     3
   Stab: Sleeping          |    13 |     9 |     5 |       ||    27
 Armour: Skin              |     3 |     4 |     7 |     3 ||    17
  Dodge: Dodged            |    24 |    71 |    87 |    17 ||   199
  Block: Buckler           |     7 |    25 |    46 |     6 ||    84

Table legend: (Time is in decaauts)
 A = Elapsed time spent in this place.
 B = Non-inter-level travel time spent in this place.
 C = Inter-level travel time spent in this place.
 D = Time resting spent in this place.
 E = Time spent auto-exploring this place.
 F = Levels seen in this place.
 G = Mean time per level.
                   A        B        C        D        E       F      G
               +--------+--------+--------+--------+--------+-----+--------+
         Total |  10130 |   9887 |    243 |   1198 |   6995 |   9 | 1125.6 |
       Dungeon |   8728 |   8552 |    176 |   1196 |   5932 |   7 | 1246.9 |
        Temple |    423 |    356 |     67 |      0 |    341 |   1 |  423.0 |
        Bailey |    978 |    978 |      0 |      2 |    721 |   1 |  978.0 |
               +--------+--------+--------+--------+--------+-----+--------+

Top non-repeatable levels by time:
     D:6: 2761 daAuts
     D:4: 1639 daAuts
     D:5: 1100 daAuts
     D:3: 1085 daAuts
  Bailey: 978 daAuts
     D:2: 935 daAuts
     D:1: 741 daAuts
     D:7: 465 daAuts
  Temple: 423 daAuts
